Map: Port Aleksander LE

Players

Smileblind - Winner!

  • Race: Protoss Protoss
  • Spawn Location: 5:00

VOD

Have the link to the VOD?

Description

Time

  • Played on: Jan. 23, 2019, 11:05 a.m.
  • Length: 26:54
Show
View Real Time Build Order
Export as new Build Order

Smileblind Protoss - Winner!

Build Orders:  

Get SALT Encoding   

  12  0:08  Probe (Chrono Boost)  
  13  0:25  Probe (Chrono Boost)  
  14  0:31  Pylon  
  14  0:42  Probe (Chrono Boost)  
  15  0:53  Probe (Chrono Boost)  
  15  0:55  Assimilator  
  16  1:05  Probe (Chrono Boost)  
  17  1:13  Gateway  
  17  1:19  Probe (Chrono Boost)  
  18  1:35  Pylon  
  18  1:36  Probe (Chrono Boost)  
  19  1:40  Assimilator  
  19  1:49  Probe (Chrono Boost)  
  20  2:00  Probe (Chrono Boost)  
  20  2:09  Gateway  
  21  2:13  Probe (Chrono Boost)  
  22  2:30  Zealot  
  22  2:36  Cybernetics Core  
  24  3:11  Nexus  
  24  3:32  Pylon  
  24  3:35  Probe (Chrono Boost)  
  25  3:43  Stalker  
  25  3:48  Stalker  
  29  3:58  Probe (Chrono Boost)  
  30  4:13  Probe (Chrono Boost)  
  30  4:17  Stargate  
  31  4:24  Probe (Chrono Boost)  
  32  4:36  Probe (Chrono Boost)  
  33  4:40  Shield Battery  
  33  4:42  Shield Battery, Warp Gate  
  33  4:51  Probe (Chrono Boost)  
  36  5:03  Probe (Chrono Boost)  
  36  5:08  Probe (Chrono Boost)  
  38  5:14  Probe (Chrono Boost)  
  38  5:19  Assimilator  
  39  5:22  Assimilator  
  39  5:25  Probe (Chrono Boost)  
  40  5:35  Unknown  
  40  5:36  Pylon  
  40  5:39  Oracle  
  45  5:52  Probe x2 (Chrono Boost)  
  45  6:07  Probe (Chrono Boost)  
  45  6:09  Protoss Air Weapons Level 1, Probe (Chrono Boost)  
  47  6:19  Probe (Chrono Boost)  
  47  6:25  Fleet Beacon  
  47  6:26  Probe (Chrono Boost)  
  49  6:30  Probe (Chrono Boost)  
  50  6:45  Probe (Chrono Boost)  
  50  6:49  Pylon  
  55  7:08  Carrier  
  55  7:21  Forge  
  55  7:25  Forge  
  55  7:31  Twilight Council  
  55  7:34  Probe (Chrono Boost)  
  58  7:45  Sentry  
  58  7:46  Sentry  
  63  7:51  Probe (Chrono Boost)  
  63  8:05  Stargate  
  63  8:08  Probe (Chrono Boost)  
  64  8:20  Twilight Council  
  64  8:24  Carrier  
  64  8:25  Probe (Chrono Boost)  
  64  8:26  Photon Cannon  
  62  8:46  Unknown  
  66  9:18  Probe (Chrono Boost)  
  67  9:45  Protoss Ground Weapons Level 1  
  67  9:47  Nexus  
  67  9:48  Protoss Ground Armor Level 1, Carrier  
  67  9:53  Pylon  
  67  9:55  Pylon  
  67  9:58  Photon Cannon  
  67  9:59  Pylon  
  67  10:01  Pylon  
  67  10:07  Photon Cannon  
  67  10:13  Photon Cannon  
  67  10:16  Photon Cannon  
  73  10:27  Dark Shrine  
  73  10:42  Gateway x2  
  73  10:45  Gateway  
  73  10:48  Gateway  
  73  10:50  Gateway  
  73  10:54  Probe x2 (Chrono Boost)  
  75  11:04  Assimilator  
  75  11:05  Protoss Air Weapons Level 2  
  75  11:06  Assimilator  
  77  11:11  Probe x2 (Chrono Boost)  
  77  11:12  Carrier  
  77  11:14  Shield Battery  
  77  11:15  Shield Battery  
  77  11:28  Probe x3 (Chrono Boost)  
  79  11:39  Probe (Chrono Boost)  
  80  11:43  Stargate  
  80  11:45  Probe (Chrono Boost)  
  82  11:52  Blink  
  82  11:53  Probe (Chrono Boost)  
  82  11:55  Carrier  
  89  12:09  Probe (Chrono Boost)  
  104  12:47  Carrier  
  105  13:11  Probe (Chrono Boost)  
  111  13:24  Dark Templar  
  111  13:27  Dark Templar  
  111  13:28  Probe (Chrono Boost)  
  116  13:45  Probe (Chrono Boost)  
  117  13:57  Pylon  
  117  13:58  Pylon  
  117  14:04  Pylon  
  117  14:07  Pylon  
  117  14:12  Charge, Pylon  
  109  14:29  Carrier  
  107  14:33  Carrier  
  101  14:43  Unknown  
  99  15:04  Gateway  
  99  15:06  Gateway  
  99  15:08  Probe (Chrono Boost)  
  99  15:09  Robotics Facility  
  112  15:20  Probe (Chrono Boost)  
  112  15:28  Shield Battery  
  113  15:32  Dark Templar x2  
  113  15:33  Probe (Chrono Boost)  
  113  15:35  Shield Battery  
  113  15:37  Dark Templar  
  120  15:43  Shield Battery  
  121  15:50  Probe (Chrono Boost)  
  121  15:52  Pylon  
  121  15:53  Carrier x2  
  121  16:15  Probe (Chrono Boost)  
  122  16:26  Probe (Chrono Boost)  
  129  16:31  Pylon  
  129  16:37  Observer  
  129  16:38  Pylon  
  136  16:41  Protoss Ground Weapons Level 2, Pylon  
  136  16:44  Pylon  
  136  16:47  Protoss Shields Level 1  
  136  16:48  Nexus  
  136  16:51  Photon Cannon  
  136  16:52  Photon Cannon  
  136  17:07  Observer  
  137  17:23  Carrier  
  137  17:28  Carrier  
  137  17:54  Dark Templar x3  
  155  18:42  Assimilator  
  155  18:45  Assimilator, Pylon  
  155  18:48  Gateway  
  155  18:49  Gateway  
  155  18:51  Gateway  
  155  18:53  Gateway x2  
  155  18:56  Shield Battery  
  155  18:57  Shield Battery  
  155  19:10  Dark Templar  
  155  19:11  Dark Templar  
  155  19:12  Dark Templar x3  
  165  19:23  Carrier  
  162  19:48  Immortal  
  166  19:58  Protoss Air Weapons Level 3, Carrier  
  172  20:12  Photon Cannon  
  172  20:13  Photon Cannon  
  172  20:23  Probe (Chrono Boost)  
  173  20:34  Probe (Chrono Boost)  
  174  20:43  Immortal  
  174  20:45  Probe (Chrono Boost)  
  185  21:01  Probe (Chrono Boost)  
  185  21:04  Dark Templar x2  
  185  21:06  Dark Templar  
  192  21:13  Dark Templar  
  192  21:18  Probe (Chrono Boost)  
  195  21:21  Zealot  
  195  21:22  Zealot  
  199  21:38  Observer  
Tags
 
Add a new tag
Caveats
  • Supply blocks, unpowered buildings, or Contaminate may cause inaccurate times.
  • Supply counts are checked every 10 seconds.